 Dungeon Crawl Stone Soup version 0.27-a0-577-ge2a43ba0c9 (webtiles) character file.

Game seed: 12560440919901568824

99 night the Stinger (level 4, -12/33 HPs)
             Began as a Demonspawn Venom Mage on Mar 9, 2021.
             Mangled by a two-headed ogre
             ... wielding a +0 giant spiked club
              (23 damage)
             ... on level 4 of the Dungeon.
             The game lasted 00:05:10 (2255 turns).

night the Stinger (Demonspawn Venom Mage)           Turns: 2255, Time: 00:05:10

Health: -12/33     AC:  5    Str:  9    XL:     4   Next: 45%
Magic:  6/8        EV: 12    Int: 17    God:
Gold:   123        SH:  0    Dex: 13    Spells: 1/8 levels left

rFire    . . .     SeeInvis .   d - +0 mace
rCold    . . .     Faith    .   (no shield)
rNeg     . . .     Spirit   .   a - +0 robe
rPois    .         Reflect  .   (no helmet)
rElec    .         Harm     .   p - +2 cloak
rCorr    .         Rampage  .   (no gloves)
Will     .....                  (no boots)
Stlth    ++........             (no amulet)
HPRegen  0.11/turn              (no ring)
MPRegen  0.11/turn              (no ring)

@: no status effects
A: powered by death 1, powered by pain 1
a: no special abilities


You were on level 4 of the Dungeon.
You visited 1 branch of the dungeon, and saw 3 of its levels.

You collected 123 gold pieces.

Inventory:

Hand Weapons
 d - a +0 mace (weapon)
Missiles
 b - 48 stones
 g - 29 sling bullets
 l - 23 arrows
Armour
 a - a +0 robe (worn)
 p - a +2 cloak (worn)
Scrolls
 h - 3 scrolls of identify {unknown}
 j - 3 scrolls of immolation {unknown}
 k - 2 scrolls of teleportation {unknown}
 n - a scroll of blinking {unknown}
 o - a scroll of amnesia {unknown}
Potions
 c - a potion of flight {unknown}
 e - a potion of resistance {unknown}
 f - a potion of curing {unknown}
 i - 2 potions of heal wounds {unknown}
 m - a potion of might {unknown}


   Skills:
 + Level 2.2 Fighting
 - Level 1.7 Dodging
 - Level 1.7 Stealth
 + Level 2.9 Spellcasting
 - Level 0.8 Transmutations
 + Level 3.9 Poison Magic


You had one spell level left.
You knew the following spells:

 Your Spells              Type           Power      Damage    Failure   Level
a - Sting                 Tmut/Pois      40%        1d5       7%          1
b - Mephitic Cloud        Conj/Pois/Air  7%         N/A       30%         3
c - Ignite Poison         Fire/Tmut/Pois 7%         N/A       26%         3

Your spell library contained the following spells:

 Spells                   Type           Power      Damage    Failure   Level
 Poisonous Vapours        Pois/Air       18%        N/A       12%         2
 Olgreb's Toxic Radiance  Pois           16%        N/A       34%         4


Dungeon Overview and Level Annotations

Branches:
Dungeon (2/15)

Altars:


Innate Abilities, Weirdness & Mutations

You regenerate a little health from kills.
You sometimes gain a little power by taking damage.


Message History

The sting hits the two-headed ogre.
The two-headed ogre looks even sicker.
The two-headed ogre is lightly wounded.
Casting: Sting (safe; 7% risk of failure)
Confirm with . or Enter, or press ? or * to list all spells.
Aiming: Sting (safe; 7% risk of failure)
Press: ? - help, Shift-Dir - straight line, f/p - two-headed ogre
Aim: a two-headed ogre, wielding a +0 giant spiked club and a +0 giant club (lightly wounded, very poisoned, 14% to evade)
The sting hits the two-headed ogre.
The two-headed ogre looks even sicker.
The two-headed ogre is lightly wounded.
The two-headed ogre closely misses you.
The two-headed ogre hits you with a +0 giant club!
Casting: Sting (safe; 7% risk of failure)
Confirm with . or Enter, or press ? or * to list all spells.
The spell is quite dangerous to cast (30% risk of failure)!
Continue anyway?
Aiming: Mephitic Cloud (quite dangerous; 30% risk of failure)
Press: ? - help, Shift-Dir - straight line, f/p - two-headed ogre
Aim: a two-headed ogre, wielding a +0 giant spiked club and a +0 giant club (moderately wounded, very poisoned, chance to affect: 53%)
The ball explodes into a vile cloud!
The stinking cloud engulfs the two-headed ogre but does no damage.
The two-headed ogre is moderately wounded.
The two-headed ogre is engulfed in noxious fumes.
The two-headed ogre hits you with a +0 giant spiked club!
* * * LOW HITPOINT WARNING * * *
You focus on the pain.
You feel your power returning. The two-headed ogre barely misses you.
Okay, then.
Casting: Mephitic Cloud (quite dangerous; 30% risk of failure)
Confirm with . or Enter, or press ? or * to list all spells.
The spell is quite dangerous to cast (30% risk of failure)!
Continue anyway?
Aiming: Mephitic Cloud (quite dangerous; 30% risk of failure)
Press: ? - help, Shift-Dir - straight line, f/p - two-headed ogre
Aim: a two-headed ogre, wielding a +0 giant spiked club and a +0 giant club (heavily wounded, chance to affect: 53%)
You miscast Mephitic Cloud.
You are very lightly contaminated with residual magic.
Nothing appears to happen.
Your magical contamination has completely faded away.
The two-headed ogre closely misses you.
The two-headed ogre hits you with a +0 giant club!!
Ouch! That really hurt!
You die...

#.# #.##.###...# #.#
#^...# ##### #.# ######
#.# #.# ##### #.# #....
#.# #.###
#.###################.#
#.......@O............#
#######################


You could see a two-headed ogre.

Vanquished Creatures
  A worker ant (D:4)
  3 adders (D:2)
  A worm (D:2)
  A dart slug (D:2)
  A leopard gecko (D:2)
  A ball python (D:1)
  2 giant cockroaches
  6 goblins
  6 hobgoblins
  3 kobolds
  7 bats
  4 frilled lizards
  4 rats
40 creatures vanquished.

Notes
Turn   | Place    | Note
-------+----------+-------------------------------------------
     0 | D:1      | night the Demonspawn Venom Mage began the quest for the
                  | Orb.
     0 | D:1      | Reached XP level 1. HP: 13/13 MP: 3/3
   246 | D:1      | Gained mutation: You sometimes gain a little power by
                  | taking damage. [demonic ancestry]
   246 | D:1      | Reached XP level 2. HP: 20/20 MP: 1/5
   480 | D:1      | Reached skill level 1 in Fighting
  1129 | D:2      | Reached XP level 3. HP: 26/26 MP: 1/6
  1260 | D:2      | Learned a level 3 spell: Mephitic Cloud
  1264 | D:2      | Learned a level 3 spell: Ignite Poison
  1794 | D:2      | Reached skill level 2 in Fighting
  1794 | D:2      | Gained mutation: You regenerate a little health from kills.
                  | [demonic ancestry]
  1794 | D:2      | Reached XP level 4. HP: 33/33 MP: 3/8
  1927 | D:2      | You fall into a shaft and drop 2 floors!
  2213 | D:4      | Noticed a two-headed ogre
  2255 | D:4      | Mangled by a two-headed ogre

Illustrated notes

Levels and vault maps discovered:
D:1:      dpeg_arrival_shelter, layout_loops_ring, st_stairs_13,
          minmay_curled_crystal, minmay_unequal
D:2:      layout_loops_ring
D:4:      layout_basic

Skill      XL: |  1  2  3 |
---------------+----------+-----
Fighting       | 1 2 |  2.2
Dodging        | |  1.7
Stealth        | |  1.7
Spellcasting   | |  2.9
Transmutations | |  0.8
Poison Magic   | |  3.9

Action                   |  1- 3 |  4- 6 || total
-------------------------+-------+-------++-------
Melee: Unarmed           |    12 |       ||    12
       Mace              |    36 |       ||    36
 Cast: Sting             |    52 |    10 ||    62
       Mephitic Cloud    |     1 |     1 ||     2
Armor: Robe              |    17 |     2 ||    19
Dodge: Dodged            |    60 |     5 ||    65

Table legend: (Time is in decaauts)
 A = Elapsed time spent in this place.
 B = Non-inter-level travel time spent in this place.
 C = Inter-level travel time spent in this place.
 D = Time resting spent in this place.
 E = Time spent auto-exploring this place.
 F = Levels seen in this place.
 G = Mean time per level.
                   A        B        C        D        E       F      G
               +--------+--------+--------+--------+--------+-----+--------+
         Total |   2268 |   2268 |      0 |    299 |   1506 |   3 |  756.0 |
       Dungeon |   2268 |   2268 |      0 |    299 |   1506 |   3 |  756.0 |
               +--------+--------+--------+--------+--------+-----+--------+

Top non-repeatable levels by time:
     D:1: 1011 daAuts
     D:2: 929 daAuts
     D:4: 327 daAuts
